AoeStats
← tbzachary

Enclosed

506246362Analyzed
1v1 RM · 21d ago on Sep 12, 2026· 56m 16s· 2 players
Game mode
Random Map
Map size
Tiny (2 player)
Population
200
Speed
Normal
Resources
Standard
Victory
Conquest
Starting age
Dark Age
Ending age
Imperial Age
RankedLock teamsTeams togetherTeam positionsShared explorationLock speedFull tech treeHidden civsTurbo modeCheats
Victory
Defeat
🇦🇷 Khmer · Argentina
741
+16
🇺🇸 Hindustanis · United States
734
-16
tbzachary
6:47 Loom
10:27 Feudal Age
11:52 Double-Bit Axe
16:16 Castle Age
14:37 Horse Collar
19:37 Bloodlines
23:25 Forging
24:28 Wheelbarrow
25:08 Grand Trunk Road
26:42 Husbandry
27:22 Gold Mining
28:37 Heavy Plow
30:46 Iron Casting
30:17 Scale Barding Armor
37:16 Imperial Age
35:57 Ballistics
36:20 Hand Cart
36:11 Town Watch
39:20 Chemistry
40:23 Padded Archer Armor
40:14 Fletching
40:41 Heavy Camel Rider
43:35 Bodkin Arrow
43:57 Leather Archer Armor
46:35 Siege Engineers
48:14 Bow Saw
49:02 Ring Archer Armor
48:43 Bracer
50:30 Shatagni
49:56 Imperial Camel Rider
52:06 Thumb Ring
53:17 Gold Shaft Mining
elterco_69
2:07 Loom
10:14 Feudal Age
10:54 Double-Bit Axe
12:14 Horse Collar
15:10 Stone Mining
15:17 Gold Mining
19:41 Castle Age
22:08 Stone Shaft Mining
24:09 Heavy Plow
25:55 Bow Saw
26:24 Gold Shaft Mining
32:37 Imperial Age
30:35 Tusk Swords
31:42 Wheelbarrow
33:39 Ballistics
34:17 Murder Holes
37:59 Imperial Age
36:54 Hand Cart
36:53 Forging
36:48 Scale Barding Armor
36:26 Light Cavalry
37:19 Masonry
38:30 Bloodlines
38:47 Hussar
40:52 Iron Casting
40:37 Chain Barding Armor
41:31 Hoardings
44:38 Blast Furnace
44:14 Plate Barding Armor
45:13 Elite Battle Elephant
46:00 Husbandry
Connection lost

Rejoining the realm…

Still unreachable

The connection could not be restored.

Session expired

The server has moved on; the page needs a fresh start.